 Dungeon Crawl Stone Soup version 0.28.0-43-g3370ac3207 (webtiles) character file.

Game seed: 1155750225243077018

852 pkoi the Gusty (level 7, -1/37 HPs)
             Began as a Spriggan Air Elementalist on Mar 22, 2022.
             Asphyxiated
             ... in a sewer.
             The game lasted 00:11:48 (9273 turns).

pkoi the Gusty (Spriggan Air Elementalist)          Turns: 9273, Time: 00:11:49

Health: -1/37      AC:  3    Str:  4    XL:     7   Next: 69%
Magic:  4/12       EV: 17    Int: 19    God:
Gold:   73         SH:  0    Dex: 15    Spells: 6/11 levels left

rFire   . . .      SeeInvis +   u - +0 short sword (speed)
rCold   . . .      Faith    .   (no shield)
rNeg    + . .      Spirit   .   a - +1 robe
rPois   .          Reflect  .   (helmet restricted)
rElec   .          Harm     .   (no cloak)
rCorr   .          Rampage  .   (gloves unavailable)
Will    +....                   (boots unavailable)
Stlth   +++.......              (no amulet)
HPRegen 0.12/turn               k - ring of positive energy
MPRegen 0.13/turn               (no ring)

@: lethally poisoned (-1 -> -29), slowed, quick
A: very small, no large weapons, unfitting armour, see invisible, speed 3
a: no special abilities


You were in a sewer.
You visited 1 branch of the dungeon, and saw 6 of its levels.
You also visited: Sewer.

You collected 73 gold pieces.

Inventory:

Hand Weapons
 c - a +0 short sword
 i - a +3 short sword
 u - a +0 short sword of speed (weapon)
 v - a +2 dagger
Missiles
 m - a throwing net
 q - 9 poisoned darts
Armour
 a - a +1 robe (worn)
Jewellery
 k - a ring of positive energy (left hand)
 p - a ring of fire
 s - a ring of wizardry
Scrolls
 b - a scroll of magic mapping
 d - a scroll of vulnerability
 h - a scroll of identify
 j - 2 scrolls of amnesia
 n - a scroll of teleportation
 r - 2 scrolls of fog {unknown}
Potions
 e - 2 potions of cancellation
 f - 3 potions of curing
 g - 3 potions of haste
 l - 2 potions of lignification
 o - a potion of degeneration {unknown}
 t - a potion of magic {unknown}


   Skills:
 + Level 3.8 Fighting
 - Level 2.6 Dodging
 - Level 5.0 Stealth
 - Level 2.6 Spellcasting
 - Level 0.6 Conjurations
 * Level 6.7 Air Magic


You had 6 spell levels left.
You knew the following spells:

 Your Spells              Type           Power      Damage    Failure   Level
a - Shock                 Conj/Air       64%        1d7       3%          1
b - Airstrike             Air            14%        N/A       10%         4

Your spell library contained the following spells:

 Spells                   Type           Power      Damage    Failure   Level
 Swiftness                Air            28%        N/A       3%          3
 Static Discharge         Conj/Air       16%        N/A       5%          2
 Freeze                   Ice            8%         1d3       16%         1
 Frozen Ramparts          Ice            4%         1d2       43%         3
 Hailstorm                Conj/Ice       3%         3d3       80%         4


Dungeon Overview and Level Annotations

Branches:
Dungeon (6/15)              Sewer (1/1)
 Temple: D:4-7

Altars:
Fedhas
Ru
Trog
Wu Jian

Shops:
D:1 =   D:4 *

Annotations:
D:5 Grinder


Innate Abilities, Weirdness & Mutations

You are very small and have problems with some larger weapons.
You are too small for most types of armour.
You have supernaturally acute eyesight. (SInv)
You cover ground extremely quickly. (Speed+++)


Message History

The zap hits the kobold brigand.
The kobold brigand is moderately wounded.
The zap hits the kobold brigand.
The kobold brigand is heavily wounded.
The zap misses the kobold brigand.
The kobold brigand throws a curare-tipped dart.
The curare-tipped dart hits you.
You are poisoned.
You have difficulty breathing.
You feel yourself slow down.
You feel very sick.
The kobold brigand throws a curare-tipped dart.
The curare-tipped dart hits you.
You are more poisoned.
You have difficulty breathing.
* * * LOW HITPOINT WARNING * * *
You feel as though you will be slow longer.
You aren't carrying any items that you can evoke.
Casting: Shock (safe; 3% risk of failure)
Confirm with . or Enter, or press ? or * to list all spells.
Okay, then.
Unknown command.
Casting: Shock (safe; 3% risk of failure)
Confirm with . or Enter, or press ? or * to list all spells.
The spell is quite dangerous to miscast (10% risk of failure)!
Continue anyway?
Aiming: Airstrike (quite dangerous; 10% risk of failure)
Press: ? - help, Dir - move target, f/p - kobold brigand
Aim: a kobold brigand, wielding a +0 dagger and quivering curare-tipped darts (heavily wounded, empty space bonus: 8/8)
The air twists around and strikes the kobold brigand!
The kobold brigand is almost dead.
* * * LOW HITPOINT WARNING * * *
You feel extremely sick.
The kobold brigand throws a curare-tipped dart.
The curare-tipped dart misses you.
* * * LOW HITPOINT WARNING * * *
You feel very sick.
The kobold brigand throws a curare-tipped dart.
The curare-tipped dart hits you.
You are more poisoned.
You have difficulty breathing.
You die...

#≈...≈# #≈...≈#
#≈...≈# #≈...≈#
##'''##
#######.....########
≈≈≈≈≈#..⌠.⌠..#≈≈≈≈≈≈
.)K...'.......'......
......'.⌠@_.⌠.'......
......'......['......
≈≈≈≈≈≈#...⌠)..#≈≈≈≈≈≈
#########...#########
#############)########
#≈≈≈#≈≈≈≈≈≈#..)#≈≈≈≈≈≈
#≈≈≈≈.≈≈≈≈......≈≈≈≈.≈
≈#......#.).#......
#'#######)#######+#


You could see a kobold brigand.

Vanquished Creatures
  An ogre (D:5)
  A phantom (Sewer)
  2 scorpions (D:5)
  A wight (Sewer)
  A bullfrog zombie (D:5)
  A centaur zombie (D:5)
  A hound (D:5)
  A jelly (D:5)
  A centaur skeleton (D:4)
  A bullfrog skeleton (D:5)
  An orc wizard (D:3)
  A hound skeleton (D:4)
  Robin (D:4)
  10 adders
  4 gnolls (D:4)
  2 shadow imps (Sewer)
  3 ufetubi
  An adder skeleton (D:4)
  2 worms
  4 dart slugs
  4 orcs
  10 bats
  8 endoplasms
  7 giant cockroaches
  7 hobgoblins
  36 kobolds
  5 quokkas
  8 ball pythons
  6 frilled lizards
  A giant cockroach zombie (Sewer)
  13 goblins
  3 rats
148 creatures vanquished.

Vanquished Creatures (others)
  11 fungi (D:5)
  6 plants (D:5)
17 creatures vanquished.

Grand Total: 165 creatures vanquished

Notes
Turn   | Place    | Note
-------+----------+-------------------------------------------
     0 | D:1      | pkoi the Spriggan Air Elementalist began the quest for the
                  | Orb.
     0 | D:1      | Reached XP level 1. HP: 9/9 MP: 5/5
   238 | D:1      | Found a faded altar of an unknown god.
   586 | D:1      | Reached skill level 3 in Air Magic
   612 | D:1      | Reached XP level 2. HP: 14/14 MP: 2/6
   906 | D:1      | Reached skill level 1 in Fighting
  1661 | D:1      | Found Capua's Jewellery Shop.
  1746 | D:2      | Reached XP level 3. HP: 18/18 MP: 0/8
  2026 | D:2      | Found Vuorph's Jewellery Shop.
  2932 | D:3      | Reached XP level 4. HP: 22/23 MP: 3/9
  3023 | D:3      | Found an ornate altar of the Wu Jian Council.
  3902 | D:3      | Reached skill level 4 in Air Magic
  3924 | D:3      | Learned a level 4 spell: Airstrike
  4311 | D:3      | Reached XP level 5. HP: 26/26 MP: 6/10
  4470 | D:3      | Found a bloodstained altar of Trog.
  4888 | D:4      | Noticed Robin
  4913 | D:4      | Found Fenehob's CLEARANCE SALE!.
  5333 | D:4      | Killed Robin
  5738 | D:4      | Found a sacrificial altar of Ru.
  6457 | D:4      | Reached skill level 5 in Stealth
  6457 | D:4      | Reached XP level 6. HP: 32/32 MP: 4/11
  6829 | D:5      | Entered Level 5 of the Dungeon
  6872 | D:5      | Reached skill level 5 in Air Magic
  7259 | D:5      | Reached XP level 7. HP: 36/36 MP: 3/12
  7568 | D:5      | Reached skill level 6 in Air Magic
  7641 | D:5      | Found a blossoming altar of Fedhas.
  7815 | D:5      | Noticed Grinder
  8345 | D:6      | Found a glowing drain.
  8359 | Sewer    | Entered a sewer
  8870 | Sewer    | Found an ancient bone altar of Kikubaaqudgha.
  9273 | Sewer    | Asphyxiated

Illustrated notes

Levels and vault maps discovered:
D:1:      beargit_arrival_diablo_church, layout_basic,
          ebering_ecumenical_altar_petrified, serial_shops,
          nicolae_lakefront_shop, minivault_26, grunt_decor_junction,
          minivault_4, minmay_box_of_dots
D:2:      layout_rooms, serial_shops, shop
D:3:      layout_loops_corners, trog_hazing_becter, mainiacjoe_overflow_catwalk,
          grunt_ministairs_15
D:4:      layout_rooms, nicolae_ru_the_path_less_chosen, nicolae_shop_clearance,
          uniq_robin
D:5:      layout_loops_ring, fedhas_altar_3, uniq_grinder
D:6:      layout_loops_cross, minmay_temple_entry_large_hall,
          portal_sewer_entry_f, gammafunk_ghost_gnarly_gnolls,
          nicolae_ossuary_entry_giza, grunt_decor_fettered,
          kennysheep_generic_room_15
Sewer:    kennysheep_sewer_church

Skill      XL: |  1  2  3  4  5  6  7 |
---------------+----------------------+-----
Air Magic      | 3 4 5 6 |  6.7
Fighting       | 1 2 3 |  3.8
Stealth        | 4 5 |  5.0
Dodging        | |  2.6
Spellcasting   | |  2.6
Conjurations   | |  0.6

Action                   |  1- 3 |  4- 6 |  7- 9 || total
-------------------------+-------+-------+-------++-------
Melee: Short sword       |    19 |    11 |     6 ||    36
       Punch             |       |       |     1 ||     1
 Cast: Shock             |   106 |   209 |   125 ||   440
       Airstrike         |       |       |     1 ||     1
  Use: Scroll            |       |     9 |       ||     9
       Potion            |       |     1 |       ||     1
Armor: Robe              |     6 |    10 |     3 ||    19
Dodge: Dodged            |    32 |    46 |    25 ||   103
